 Dungeon Crawl Stone Soup version 0.30-a0-1018-g25214051b3 (webtiles) character file.

Game seed: 4260786095974807917

20 holysushi the Cutter (level 3, 23/23 HPs)
             Began as a Kobold Monk on Apr 7, 2023.
             Quit the game on level 1 of the Dungeon.
             The game lasted 00:01:21 (794 turns).

holysushi the Cutter (Kobold Monk)                   Turns: 794, Time: 00:01:22

Health: 23/23      AC:  3    Str:  8    XL:     3   Next: 0%
Magic:  3/3        EV: 16    Int: 11    God:
Gold:   46         SH:  0    Dex: 19    Spells: 2/2 levels left

rFire   . . .      SeeInvis .    a - +0 short sword
rCold   . . .      Faith    .    (no shield)
rNeg    . . .      Spirit   .    b - +0 robe
rPois   .          Reflect  .    (no helmet)
rElec   .          Rampage  .    d - +0 cloak
rCorr   .                        (no gloves)
Will    .....                    (no boots)
Stlth   +++                      (no amulet)
HPRegen 0.23/turn                (no ring)
MPRegen 0.08/turn                (no ring)

@: no status effects
A: small, no large weapons, nightstalker 3
a: no special abilities


You were on level 1 of the Dungeon.
You visited 1 branch of the dungeon, and saw 1 of its levels.

You collected 46 gold pieces.

Inventory:

Hand Weapons
 a - a +0 short sword (weapon)
Armour
 b - a +0 robe (worn)
 d - a +0 cloak (worn)
Scrolls
 f - a scroll of identify {unknown}
 g - 3 scrolls of torment {unknown}
Potions
 c - a potion of ambrosia
 e - a potion of curing {unknown}


   Skills:
 - Level 3.2 Fighting
 + Level 5.3 Short Blades
 - Level 3.6 Dodging
 - Level 2.6 Stealth


You had 2 spell levels left.
You didn't know any spells.
Your spell library was empty.

Dungeon Overview and Level Annotations

Branches:
Dungeon (1/15) Zot: 5220

Altars:


Innate Abilities, Weirdness & Mutations

You are small and have problems with some larger weapons.
You are completely attuned to the shadows.


Message History

You completely miss the quokka.
The quokka is severely wounded.
The quokka misses you.
You barely miss the quokka.
The quokka is severely wounded.
You hit the quokka.
You kill the quokka!
No target in view!
No target in view!
Found 6 javelins.
A kobold and a bat come into view.
There are monsters nearby!
There are monsters nearby!
The helpless kobold fails to defend itself.
You puncture the kobold!
You kill the kobold!
The bat misses you.
You hit the bat.
You kill the bat!
No target in view!
Items here: ( ) ††.
No target in view!
You open the door.
A bat comes into view.
A bat is nearby!
A bat is nearby!
A bat is nearby!
A bat is nearby!
There is an open door here.
The helpless bat fails to defend itself.
You impale the bat!!
You kill the bat!
You have reached level 3!
Your experience leads to an increase in your attributes!
Increase (S)trength, (I)ntelligence, or (D)exterity?
You feel agile. x2
Welcome back, holysushi the Kobold Monk.
Press ? for a list of commands and other information.
There is an open door here.
Are you sure you want to abandon this character and quit the game? (Confirm with "yes".)

#####.....#####......#
#...... #.....#
##.....##.. +.>.>.>
#.....# ##....##.# ###†..#
#....##.# ####### #...#
####..#.# #......
#...####### ##...###.#####
#.........# ##...##.#
####.........#######..##.#
#............@.†......##.#
#............########....#
#............# ###..##
#............+ .......#
#............# ######.#
####............# #.####
..........####### #.....
..##^.....# #.....
..........# ##....


There were no monsters in sight!

Vanquished Creatures
  An endoplasm (D:1)
  A goblin (D:1)
  4 hobgoblins (D:1)
  2 quokkas (D:1)
  2 ball pythons (D:1)
  5 bats (D:1)
  2 frilled lizards (D:1)
  A kobold (D:1)
18 creatures vanquished.

Notes
Turn   | Place    | Note
-------+----------+-------------------------------------------
     0 | D:1      | holysushi the Kobold Monk began the quest for the Orb.
     0 | D:1      | Reached XP level 1. HP: 14/14 MP: 1/1
   129 | D:1      | Found a faded altar of an unknown god.
   306 | D:1      | Reached XP level 2. HP: 11/19 MP: 2/2
   679 | D:1      | Reached skill level 5 in Short Blades
   793 | D:1      | Reached XP level 3. HP: 23/23 MP: 3/3
   794 | D:1      | Quit the game

Illustrated notes

Levels and vault maps discovered:
D:1:      minmay_arrival_up_and_down, layout_basic,
          ebering_ecumenical_altar_webs, minmay_curled_crystal

Skill      XL: |  1  2 |
---------------+-------+-----
Short Blades   | 5 |  5.3
Fighting       | |  3.2
Dodging        | |  3.6
Stealth        | |  2.6

Action                     || total
---------------------------++-------
  Melee: Short sword       ||    63
   Stab: Sleeping          ||     9
 Armour: Robe              ||     9
  Dodge: Dodged            ||    35

Table legend: (Time is in decaauts)
 A = Elapsed time spent in this place.
 B = Non-inter-level travel time spent in this place.
 C = Inter-level travel time spent in this place.
 D = Time resting spent in this place.
 E = Time spent auto-exploring this place.
 F = Levels seen in this place.
 G = Mean time per level.
                   A        B        C        D        E       F      G
               +--------+--------+--------+--------+--------+-----+--------+
         Total |    779 |    732 |     47 |      0 |    588 |   1 |  779.0 |
       Dungeon |    779 |    732 |     47 |      0 |    588 |   1 |  779.0 |
               +--------+--------+--------+--------+--------+-----+--------+

Top non-repeatable levels by time:
     D:1: 779 daAuts
